 Dungeon Crawl Stone Soup version 0.20.1-1-g8b1a95d (webtiles) character file.

56 Megalobster the Covered (level 3, -1/34 HPs)
             Began as a Deep Dwarf Fighter on Aug 1, 2017.
             Killed from afar by an orc wizard (4 damage)
             ... with a magic dart
             ... on level 3 of the Dungeon.
             The game lasted 00:07:42 (1409 turns).

Megalobster the Covered (Deep Dwarf Fighter)        Turns: 1409, Time: 00:07:42

Health: -1/34      AC:  9    Str: 20    XL:     3   Next: 69%
Magic:  3/3        EV:  7    Int:  8    God:
Gold:   116        SH: 12    Dex: 12    Spells: 2/2 levels left

rFire    . . .     SeeInvis .   a - +0 war axe
rCold    . . .     Gourm    .   c - +0 shield
rNeg     . . .     Faith    .   b - +0 scale mail
rPois    .         Spirit   .   (no helmet)
rElec    .         Reflect  +   (no cloak)
rCorr    .         Harm     .   x - +1 pair of gloves
MR       +....                  (no boots)
Stlth    ..........             m - +3 amulet of reflection
Regen    0.0/turn               (no ring)
MPRegen  0.1/turn               l - ring of protection from magic

@: lethally poisoned (-1 -> -1), non-regenerating, drained
A: damage resistance, heal wounds, sense surroundings 1, no regeneration
a: Heal Wounds


You were on level 3 of the Dungeon.
You were not hungry.

You visited 1 branch of the dungeon, and saw 3 of its levels.

You collected 116 gold pieces.

Inventory:

Hand Weapons
 a - a +0 war axe (weapon)
Missiles
 h - 2 javelins (quivered)
 p - 6 tomahawks
 y - 16 stones
Armour
 b - a +0 scale mail (worn)
 c - a +0 shield (worn)
 x - a +1 pair of gloves (worn)
Magical Staves
 v - an uncursed staff of fire {unknown}
Jewellery
 l - a ring of protection from magic (right hand)
 m - a +3 amulet of reflection (around neck)
 r - an uncursed ring of ice
Wands
 A - a wand of random effects (22/48)
Scrolls
 e - 4 scrolls of identify {unknown}
 j - a scroll of recharging {unknown}
 n - a scroll of magic mapping {unknown}
 o - 2 scrolls of enchant weapon {unknown}
 q - a scroll of teleportation {unknown}
 s - a scroll of enchant armour {unknown}
Potions
 d - a potion of might
 g - a potion of haste {unknown}
 k - 2 potions of lignification {unknown}
 t - a potion of mutation {unknown}
 u - 2 potions of curing {unknown}
Comestibles
 f - a bread ration
 i - a meat ration
 w - a royal jelly
 z - 10 chunks of flesh


   Skills:
 + Level 3.1(3.0) Fighting
 * Level 3.1(3.0) Axes
 + Level 3.8(3.7) Armour
 + Level 3.7(3.6) Shields


You had 2 spell levels left.
You didn't know any spells.

Dungeon Overview and Level Annotations

Branches:
Dungeon (3/15)

Altars:
Ru

Annotations:
D:3 Jessica


Innate Abilities, Weirdness & Mutations

You are resistant to damage.
You can heal yourself by infusing magical energy.
You passively map a small area around you.
You do not regenerate.


Message History

The orc wizard is lightly wounded.
You block the orc wizard's attack.
The orc wizard casts a spell.
The orc wizard blinks!
You block the orc priest's attack.
You closely miss the orc priest. You block the orc priest's attack.
You barely miss the orc priest.
The orc wizard gestures at you while chanting.
The magic dart hits you!
The orc priest invokes the aid of Beogh against you.
Beogh smites you!
You are too injured to fight recklessly!
The orc priest invokes the aid of Beogh against you.
Beogh smites you!
* * * LOW HITPOINT WARNING * * *
The orc wizard points at you and mumbles some strange words.
The magic dart hits you!
* * * LOW HITPOINT WARNING * * *
The orc wizard points at you and mumbles some strange words.
The magic dart hits you!
You die...

, , , ############ .
#......<...# ,#..
#....).....# .... ,
#....).....# ..... ,
#....).)...######.[....
#.........@.o†).)......
#...÷......##########..
#........o.#
#..........# * ,
############ , *


You could see an orc priest and an orc wizard.

Vanquished Creatures
  An adder (D:3)
  A worm (D:2)
  7 orcs (D:3)
  3 giant cockroaches
  4 goblins
  2 hobgoblins
  A ball python (D:2)
  6 bats
  2 frilled lizards
  5 kobolds
  4 rats
36 creatures vanquished.

Notes
Turn   | Place    | Note
-------+----------+-------------------------------------------
     0 | D:1      | Megalobster the Deep Dwarf Fighter began the quest for the Orb.
     0 | D:1      | Reached XP level 1. HP: 20/20 MP: 1/1
   469 | D:1      | Reached XP level 2. HP: 25/27 MP: 2/2
   743 | D:2      | Found a sacrificial altar of Ru.
  1232 | D:2      | Reached XP level 3. HP: 31/34 MP: 3/3
  1276 | D:3      | Noticed Jessica
  1409 | D:3      | Killed from afar by an orc wizard

Skill      XL: |  1  2  3 |
---------------+----------+-----
Fighting       | 3 |  3.1
Axes           | 3 |  3.1
Armour         | |  3.8
Shields        | |  3.7

Action                   || total
-------------------------++-------
Melee: War axe           ||   111
  Eat: Chunk             ||     2
Armor: Scale mail        ||    52
Dodge: Dodged            ||    34
Block: Shield            ||    87
       Reflection        ||     1
